AoeStats
← AxD | Cad Bane

MegaRandom

507182583Analyzed
4v4 RM · 15d ago on Sep 17, 2026· 78m 11s· 8 players
Game mode
Random Map
Map size
Large (8 player)
Population
200
Speed
Normal
Resources
Standard
Victory
Conquest
Starting age
Dark Age
Ending age
Imperial Age
RankedLock teamsTeams togetherTeam positionsShared explorationLock speedFull tech treeHidden civsTurbo modeCheats
Victory
Defeat
🇸🇻 Khitans · El Salvador
1624
+13
🇦🇷 Bulgarians · Argentina
1584
+15
🇨🇱 Bengalis · Chile
1582
+15
1523
+17
🇨🇱 Huns · Chile
1613
-16
🇦🇷 Armenians · Argentina
1584
-16
🇨🇱 Portuguese · Chile
1570
-16
🇦🇷 Georgians · Argentina
1471
-12
таҗик
5:55 Loom
8:27 Feudal Age
8:55 Double-Bit Axe
15:52 Scale Barding Armor
15:37 Horse Collar
16:23 Forging
19:02 Town Watch
23:50 Castle Age
22:42 Bloodlines
24:56 Chain Barding Armor
24:39 Light Cavalry
25:27 Husbandry
34:09 Wheelbarrow
36:41 Iron Casting
37:49 Hand Cart
42:16 Imperial Age
42:25 Cavalier
43:41 Plate Barding Armor
43:29 Elite Monaspa
46:43 Blast Furnace
51:30 Conscription
51:17 Aznauri Cavalry
53:13 Hoardings
52:37 Murder Holes
56:16 Fletching
62:55 Chemistry
61:51 Bodkin Arrow
71:56 Ballistics
72:21 Coinage
76:02 Banking
77:33 Heavy Plow
[CHI]InKiSiDoR
7:13 Loom
9:45 Feudal Age
10:15 Double-Bit Axe
15:18 Horse Collar
23:23 Fletching
24:49 Padded Archer Armor
28:54 Castle Age
28:11 Gold Mining
28:12 Stone Mining
29:45 Bodkin Arrow
31:40 Leather Archer Armor
35:42 Bloodlines
36:27 Ballistics
36:40 Bow Saw
41:42 Wheelbarrow
41:09 Heavy Plow
41:54 Thumb Ring
48:55 Imperial Age
46:15 Town Watch
49:29 Husbandry
49:05 Cavalier
50:11 Conscription
51:32 Forging
54:23 Light Cavalry
65:45 Iron Casting
65:15 Scale Barding Armor
74:18 Hand Cart
75:06 Hussar
[Mushu] Elgo Lazo
6:33 Loom
8:59 Feudal Age
10:13 Double-Bit Axe
15:42 Fletching
17:31 Horse Collar
19:09 Padded Archer Armor
23:47 Castle Age
22:08 Gold Mining
24:24 Bodkin Arrow
23:50 Crossbowman
24:50 Bow Saw
25:45 Ballistics
27:52 Wheelbarrow
28:07 Leather Archer Armor
28:28 Thumb Ring
30:03 Heavy Plow
30:41 Town Watch
33:27 Hand Cart
38:42 Imperial Age
38:48 Arbalester
39:33 Bracer
40:40 Chemistry
40:56 Ring Archer Armor
42:44 Conscription
44:45 Coinage
44:15 Stone Mining
46:30 Siege Engineers
47:01 Banking
47:59 Town Patrol
49:01 Two-Man Saw
48:36 Treadmill Crane
49:06 Masonry
56:46 Architecture
56:41 Bombard Tower
57:07 Crop Rotation
58:45 Murder Holes
60:59 Circumnavigation
66:18 Guilds
66:54 Elite Skirmisher
78:01 Caravan
[Mushu] el pepe
7:31 Loom
9:43 Feudal Age
15:32 Scale Barding Armor
17:09 Forging
19:22 Forging
20:16 Wheelbarrow
23:17 Castle Age
22:29 Bloodlines
33:19 Husbandry
35:49 Chain Barding Armor
36:04 Iron Casting
46:31 Horse Collar
48:41 Double-Bit Axe
48:46 Gold Mining
49:02 Heavy Plow
50:59 Pikeman
51:39 Squires
51:25 Gambesons
51:25 Arson
51:43 Scale Mail Armor
51:46 Halberdier
57:56 Imperial Age
56:40 Chain Mail Armor
60:02 Padded Archer Armor
60:34 Plate Mail Armor
61:04 Blast Furnace
62:55 Conscription
62:42 Fletching
62:52 Padded Archer Armor
64:08 Chemistry
63:29 Ballistics
65:09 Bodkin Arrow
65:29 Leather Archer Armor
66:48 Elite Skirmisher
68:38 Bracer
69:08 Ring Archer Armor
69:35 Conscription
71:57 Hand Cart
73:50 Man-at-Arms
74:30 Long Swordsman
AxD | Cad Bane
5:28 Loom
11:29 Feudal Age
15:52 Castle Age
15:20 Double-Bit Axe
22:07 Forging
23:21 Fletching
24:37 Horse Collar
25:15 Padded Archer Armor
27:31 Scale Barding Armor
28:49 Leather Archer Armor
29:07 Bodkin Arrow
33:26 Wheelbarrow
33:51 Iron Casting
34:31 Ballistics
34:58 Paiks
39:53 Imperial Age
41:09 Scale Barding Armor
43:37 Ring Archer Armor
43:05 Elite Ratha (Ranged)
44:20 Bow Saw
45:24 Chemistry
45:26 Conscription
45:58 Stone Mining
45:58 Gold Mining
46:10 Heavy Plow
47:17 Two-Man Saw
47:05 Hand Cart
48:33 Gold Shaft Mining
48:41 Siege Elephant
49:55 Town Watch
50:59 Bracer
52:00 Blast Furnace
52:06 Coinage
52:13 Crop Rotation
53:06 Mahayana
67:43 Banking
70:05 Caravan
70:41 Husbandry
70:52 Bloodlines
71:45 Elite Skirmisher
73:16 Light Cavalry
74:20 Masonry
74:16 Siege Engineers
75:43 Chain Barding Armor
78:20 Plate Barding Armor
AxD | Keiokenkun-Uno-Puro
6:21 Loom
8:43 Feudal Age
9:23 Double-Bit Axe
10:31 Horse Collar
12:35 Scale Barding Armor
17:43 Forging
19:59 Gold Mining
23:04 Castle Age
21:50 Bloodlines
24:03 Wheelbarrow
24:11 Chain Barding Armor
25:22 Town Watch
25:16 Light Cavalry
26:51 Bow Saw
27:40 Husbandry
33:02 Iron Casting
35:10 Gold Shaft Mining
35:16 Heavy Plow
37:59 Hand Cart
43:20 Imperial Age
43:28 Heavy Camel Rider
44:53 Plate Barding Armor
46:05 Blast Furnace
47:15 Stone Mining
48:28 Imperial Camel Rider
53:21 Hussar
55:48 Stone Shaft Mining
57:25 Conscription
57:52 Hoardings
69:56 Scale Mail Armor
69:26 Elite Ghulam
70:46 Chain Mail Armor
76:29 Two-Man Saw
AxD | MatrixWars
6:19 Loom
8:56 Feudal Age
9:27 Double-Bit Axe
13:52 Scale Barding Armor
15:00 Forging
15:41 Town Watch
22:02 Castle Age
21:21 Bloodlines
23:22 Horse Collar
24:06 Bow Saw
32:25 Husbandry
33:10 Chain Barding Armor
40:22 Fletching
46:01 Imperial Age
45:50 Wheelbarrow
46:13 Iron Casting
46:26 Masonry
46:28 Stirrups
46:27 Cavalier
48:00 Plate Barding Armor
48:07 Light Cavalry
52:18 Bodkin Arrow
53:34 Murder Holes
54:11 Architecture
55:26 Bracer
55:50 Padded Archer Armor
56:45 Heavy Plow
57:31 Hussar
59:37 Blast Furnace
59:14 Hand Cart
61:01 Ballistics
62:36 Caravan
65:50 Chemistry
65:01 Siege Engineers
72:46 Crop Rotation
72:11 Gold Mining
72:11 Stone Mining
AxD | Kurumi 002
6:58 Loom
9:24 Feudal Age
10:51 Double-Bit Axe
13:02 Town Watch
14:58 Fletching
15:50 Padded Archer Armor
19:41 Domestication
22:50 Wheelbarrow
26:11 Castle Age
26:14 Crossbowman
26:49 Bodkin Arrow
28:33 Ballistics
31:01 Bow Saw
34:49 Heavy Cavalry Archer
37:36 Thumb Ring
44:39 Imperial Age
43:30 Husbandry
45:27 Bracer
46:16 Parthian Tactics
47:26 Chemistry
46:58 Leather Archer Armor
59:12 Ring Archer Armor
63:57 Murder Holes
64:09 Siege Engineers
64:16 Masonry
64:12 Siege Engineers
69:32 Two-Man Saw
69:17 Ordo Cavalry
70:35 Conscription
72:34 Scale Barding Armor
72:29 Scale Mail Armor
72:42 Forging
72:38 Pastoralism
77:20 Hand Cart
Connection lost

Rejoining the realm…

Still unreachable

The connection could not be restored.

Session expired

The server has moved on; the page needs a fresh start.